 Dungeon Crawl Stone Soup version 0.30-a0-137-gd8773701ce (webtiles) character file.

Game seed: 1556867019802791808

160794 themarg the Fencer (level 18, -7/142 HPs)
             Began as a Djinni Fire Elementalist on Sept 22, 2022.
             Was the Champion of Ashenzari.
             Mangled by a ghost moth (13 damage)
             ... on level 3 of the Spider Nest on Sept 24, 2022.
             The game lasted 05:13:39 (40196 turns).

themarg the Fencer (Djinni Fire Elementalist)      Turns: 40196, Time: 05:13:40

Health: -7/142     AC:  6    Str:  7      XL:     18   Next: 40%
Gold:   2580       EV: 18    Int: 31 (33) God:    Ashenzari [******] SH:  0 Dex: 14 (16)

rFire   + + .      SeeInvis +    U - +7 triple sword "Thunder Perfect Mind" {vorpal, Int+7 Dex+2, Melee, Self} (curse)
rCold   + . .      Faith    .    (shield currently unavailable)
rNeg    + . .      Spirit   .    X - +0 troll leather armour "Circumscribed Ordeal" {Regen+, Cun, Melee} (curse)
rPois   ∞          Reflect  .    n - +0 hat "Ensconced Together" {Range, Fort} (curse)
rElec   +          Harm     .    v - +0 cloak of the Ruined Insecurity {Evo, Fort} (curse)
rCorr   +          Rampage  .    o - +0 pair of gloves "Idealism of Ashenzari" {Self, Melee} (curse)
Will    +....      Clarity  +    (boots unavailable)
Stlth   ++++......               K - amulet "Restrained With Me" {Acrobat rElec rC+ rN+ Int+3, Melee, Range} (curse)
HPRegen 1.13/turn                V - ring "Shackled Repose" {AC+4, Fort, Cun} (curse)
MPRegen 0.00/turn                T - ring of the Unveiling Sun {rC+ rCorr Str-2 Stlth+, Evo, Cun} (curse)

@: corroded, flying, studying Unarmed Combat
A: sickness immunity, fire resistance 2, cold vulnerability 1, float, innate
caster, HP casting, extra vitality 1
a: Renounce Religion, Shatter the Chains


You were on level 3 of the Spider Nest.
You worshipped Ashenzari.
Ashenzari was exalted by your worship.
You visited 6 branches of the dungeon, and saw 30 of its levels.
You also visited: Bailey and Gauntlet.

You collected 2580 gold pieces.

Inventory:

Hand Weapons
 U - the cursed +7 triple sword "Thunder Perfect Mind" (weapon) {vorpal, Int+7 Dex+2, Melee, Self}
   (You acquired it on level 2 of the Lair of Beasts)

   It inflicts extra damage upon your enemies.
   Int:       It affects your intelligence (+7).
   Dex:       It affects your dexterity (+2).
   It has a curse which improves the following skills: Melee Combat: Short
   Blades, Long Blades, Axes, Maces & Flails, Polearms, Staves and Unarmed
   Combat.
   Introspection: Fighting and Spellcasting.
Missiles
 F - 25 poisoned darts
 G - 3 throwing nets
Armour
 n - the cursed +0 hat "Ensconced Together" (worn) {Range, Fort}
   (You found it on level 2 of the Dungeon)

   It has a curse which improves the following skills: Ranged Combat: Ranged
   Weapons and Throwing.
   Fortitude: Armour and Shields.
 o - the cursed +0 pair of gloves "Idealism of Ashenzari" (worn) {Self, Melee}
   (You found it on level 2 of the Dungeon)

   It has a curse which improves the following skills: Introspection: Fighting
   and Spellcasting.
   Melee Combat: Short Blades, Long Blades, Axes, Maces & Flails, Polearms,
   Staves and Unarmed Combat.
 v - the cursed +0 cloak of the Ruined Insecurity (worn) {Evo, Fort}
   (You took it off Crazy Yiuf on level 3 of the Dungeon)

   It has a curse which improves the following skills: Evocations: Evocations.
   Fortitude: Armour and Shields.
 J - a +1 helmet of intelligence
 X - the cursed +0 troll leather armour "Circumscribed Ordeal" (worn) {Regen+, Cun, Melee}
   (You found it on level 1 of the Lair of Beasts)

   Regen:     It increases your rate of health regeneration.
   It has a curse which improves the following skills: Cunning: Dodging and
   Stealth.
   Melee Combat: Short Blades, Long Blades, Axes, Maces & Flails, Polearms,
   Staves and Unarmed Combat.
Magical Staves
 R - a staff of earth
 S - a staff of poison
Jewellery
 l - a +6 ring of strength
 m - an amulet of the acrobat
 q - a ring of protection from fire
 s - a ring of willpower
 H - a ring of positive energy
 K - the cursed amulet "Restrained With Me" (around neck) {Acrobat rElec rC+ rN+ Int+3, Melee, Range}
   (You acquired it in a bailey)

   [amulet of the acrobat]

   It increases your evasion while moving and waiting.
   Int:       It affects your intelligence (+3).
   rC:        It protects you from cold.
   rElec:     It insulates you from electricity.
   rN:        It protects you from negative energy.
   It has a curse which improves the following skills: Melee Combat: Short
   Blades, Long Blades, Axes, Maces & Flails, Polearms, Staves and Unarmed
   Combat.
   Ranged Combat: Ranged Weapons and Throwing.
 L - an amulet of regeneration
 T - the cursed ring of the Unveiling Sun (right hand) {rC+ rCorr Str-2 Stlth+, Evo, Cun}
   (You found it on level 1 of the Lair of Beasts)

   [ring of resist corrosion]

   Str:       It affects your strength (-2).
   rC:        It protects you from cold.
   rCorr:     It protects you from acid and corrosion.
   Stlth:     It makes you more stealthy.
   It has a curse which improves the following skills: Evocations: Evocations.
   Cunning:   Dodging and Stealth.
 V - the cursed ring "Shackled Repose" (left hand) {AC+4, Fort, Cun}
   (You found it on level 10 of the Dungeon)

   [ring of protection]

   AC:        It affects your AC (+4).
   It has a curse which improves the following skills: Fortitude: Armour and
   Shields.
   Cunning:   Dodging and Stealth.
 W - a +6 ring of intelligence
Wands
 i - a wand of mindburst (10)
 t - a wand of light (9)
 y - a wand of charming (29)
 B - a wand of digging (12)
 M - a wand of polymorph (32)
 P - a wand of roots (19)
 Q - a wand of flame (12)
Scrolls
 a - 4 scrolls of enchant armour
 d - 7 scrolls of magic mapping
 f - 9 scrolls of butterflies
 j - a scroll of immolation
 k - 14 scrolls of teleportation
 p - 7 scrolls of torment
 E - 6 scrolls of enchant weapon
 Y - 2 scrolls of summoning
 Z - a scroll of silence
Potions
 c - 9 potions of might
 e - 10 potions of curing
 g - 6 potions of heal wounds
 h - 7 potions of haste
 r - 5 potions of cancellation
 u - 5 potions of attraction
 w - 5 potions of degeneration
 z - 3 potions of brilliance
 C - 4 potions of berserk rage
 D - a potion of ambrosia
 I - 7 potions of mutation
 N - 2 potions of invisibility
 O - 5 potions of resistance
Miscellaneous
 b - a lightning rod (4/4)


   Skills:
 - Level 13.1(17.0) Fighting
 + Level 15.6(21.7) Long Blades
 - Level 10.7(16.9) Maces & Flails
 - Level 9.9(15.0) Dodging
 - Level 3.0(7.1) Stealth
 - Level 14.1(18.0) Spellcasting
 - Level 3.6(7.1) Evocations


You had 8 spell levels left.
You knew the following spells:

 Your Spells              Type           Power      Damage    Failure   Level
a - Foxfire               Conj/Fire      100%       2x1d9     0%          1
b - Scorch                Fire           100%       2d10      0%          2
c - Kindle Blastsparks    Fire/Tloc/Air  100%       2d18      0%          3
d - Inner Flame           Hex/Fire       96%        N/A       0%          3
e - Flame Wave            Conj/Fire      96%        2d20      0%          4
f - Sting                 Tmut/Pois      100%       1d8       0%          1
g - Wereblood             Tmut           96%        N/A       0%          2
h - Mephitic Cloud        Conj/Pois/Air  96%        N/A       0%          3
i - Spider Form           Tmut/Pois      96%        N/A       0%          3
j - Yara's Violent Unrav  Hex/Tmut       48%        3d19      1%          5
k - Lee's Rapid Deconstr  Erth           48%        3d24*     1%          5
l - Death Channel         Necr           48%        N/A       1%          6
m - Enfeeble              Hex            48%        N/A       1%          7
Your spell library was empty.

Dungeon Overview and Level Annotations

Branches:
Dungeon (15/15)            Temple (1/1) D:4            Lair (5/5) D:8
 Shoals (3/4) Lair:2       Spider (4/4) Lair:3        Slime (0/5) Lair:5
    Orc (2/2) D:10            Elf (0/3) Orc:2        Vaults (0/5) D:14
 Depths (0/4) D:15         Bailey (visited)         Gauntlet (visited)

Altars:
Ashenzari
Cheibriados
Dithmenos
Elyvilon
Fedhas
Gozag
Hepliaklqana
Makhleb
Nemelex Xobeh
Okawaru
Qazlal
Ru
Trog
Uskayaw
Wu Jian
Xom
Yredelemnul
Zin
The Shining One
Jiyva

Shops:
D:4 :   Orc:2 ((*:

Portals:
Trove: D:12 (give 2 scrolls of acquirement)

Annotations:
D:14 4 runed translucent doors
Lair:5 exclusion: obsidian statue


Innate Abilities, Weirdness & Mutations

You are immune to sickness and miasma.
You are immune to poison.
Your flesh is very heat resistant. (rF++)
You are vulnerable to cold. (rC-)
You float through the air rather than walking.
You learn spells naturally, not from books.
Your magical power is your life essence.
You have superior vitality. (+4 MHP)


Message History

You hear a faint skittering sound.
There is a stone staircase leading up here.
The wolf spider hits you but does no damage.
The wolf spider bites you. The culicivora closely misses you.
The redback closely misses you. The tarantella touches you!
The jumping spider misses you.
The jumping spider bites you but does no damage.
The ghost moth barely misses you. The ghost moth hits you.
The ghost moth stings you.
You feel dopey. The wolf spider barely misses you.
The wolf spider bites you but does no damage.
The redback bites you. The culicivora barely misses you.
The entropy weaver gestures at you while chanting.
The entropic weave corrodes you! The tarantella touches you!!
* * * LOW HITPOINT WARNING * * *
You feel momentarily confused.
The jumping spider leaps!
The meliai invokes the aid of its god against you.
Something smites you!
* * * LOW HITPOINT WARNING * * *
You hear a skittering sound.
You fly upwards.
You feel yourself speed up.
There is a stone staircase leading down here.
Casting: Foxfire (safe; 0% risk of failure)
Press: ? - help, Q - select action, (/) - cycle Dir - look around, f - activate
Okay, then.
As you read the scroll of fear, it crumbles to dust.
You assume a fearsome visage.
The culicivora looks frightened!
The redback looks frightened!
The jumping spider looks frightened!
The ghost moth resists with almost no effort.
The wolf spider looks frightened!
The jumping spider leaps!
The ghost moth stares at you. The ghost moth hits you.
* * * LOW HITPOINT WARNING * * *
You feel clumsy. The ghost moth hits you.
* * * LOW HITPOINT WARNING * * *
The ghost moth stings you!
You die...

...........####.###..........#...
#...........####..............###
##...........##.###...........###
.##.........###.####........(..##
....^.......##s.####...........##
^#..##.......##ss.##...?..?....##
##.####....###...#..............#
.#.#####.####s.y.##.#...........#
.^.#####.######°@##.#...........#
...^####.^#############....######
...####.....###############.###..
[.####........##############...##
.####.........^#######........###
..##...........##.#####........##
..#............##.### #..^....###
#..^..........##.#.## #......####
.............<...#..####...######


You could see a ghost moth (invisible), a wolf spider (fleeing), a culicivora
(fleeing), a jumping spider (fleeing) and a redback (fleeing).

Vanquished Creatures
  Jorgrun (Spider:3)
  Rupert (Lair:4)
  Asterion (Spider:3)
  Kirke (D:13)
  A ghost moth (Spider:3)
  An emperor scorpion (Spider:3)
  An orc warlord (Orc:2)
  A minotaur (Gauntlet)
  5 spark wasps
  Snorg (D:10)
  2 merfolk impalers
  The ghost of SirDiesAlot the Jinx, a journeyman DECj of Vehumet (Lair:1)
  3 entropy weavers
  A fire dragon (D:15)
  2 hydras (Lair:4)
  An ice dragon (Lair:4)
  Erolcha (D:10)
  Erica (Lair:2)
  A jorogumo (Spider:3)
  An ogre mage (D:15)
  A vault guard (D:14)
  2 radroaches
  2 merfolk avatars
  A death knight (D:15)
  A tengu warrior (D:15)
  11 death yaks
  A merfolk aquamancer (Shoals:3)
  6 two-headed ogres
  5 centaur warriors
  2 death scarabs (Gauntlet)
  2 boulder beetles
  An orc high priest (Orc:2)
  Sonja (D:11)
  Urug (Lair:4)
  Amaemon (D:9)
  A spectral death yak (Lair:5)
  2 sun moths
  3 skeletal warriors (D:15)
  A deep troll (Lair:1)
  3 sea snakes
  3 orb spiders
  3 steelbarb worms
  A flayed ghost (D:15)
  2 pharaoh ants
  A spectral hydra (Gauntlet)
  5 necromancers
  A lindwurm (Lair:3)
  A golden dragon skeleton (D:15)
  7 wolf spiders
  6 orc knights
  4 deep elf pyromancers
  9 harpies
  3 orc sorcerers
  10 cyclopes
  10 manticores
  2 fauns
  A stone giant zombie (D:15)
  An oklob plant (Lair:5)
  10 ugly things
  3 moths of wrath
  Maurice (D:10)
  3 black mambas
  5 water nymphs
  33 elephants
  3 gargoyles
  A torpor snail (Spider:2)
  A dire elephant skeleton (Lair:5)
  An orange demon (D:9)
  12 cane toads
  4 unseen horrors
  2 kobold demonologists (D:11)
  2 efreet
  4 rime drakes
  9 demonic crawlers
  A freezing wraith (D:14)
  10 komodo dragons
  A tengu conjurer (D:15)
  14 trolls
  5 tarantellas
  11 merfolk
  7 polar bears
  4 wind drakes
  An ettin zombie (D:15)
  2 hornets
  23 blink frogs
  8 dream sheep
  2 slime creatures (D:13)
  A spectral elephant (Gauntlet)
  A spriggan zombie (D:15)
  5 snapping turtles
  16 culicivoras
  16 jumping spiders
  2 shadows
  7 wraiths
  4 wyverns
  3 water elementals
  32 yaks
  2 vampires (D:12)
  5 hogs (D:13)
  A yak (shapeshifter) (D:13)
  A basilisk (shapeshifter) (D:14)
  6 basilisks
  A steam dragon (Lair:2)
  4 vampire mosquitoes (D:12)
  24 redbacks
  A death yak simulacrum (Lair:5)
  7 wargs
  A spectral cane toad (Lair:5)
  3 acid dragons
  16 water moccasins
  33 orc warriors
  3 ice beasts
  5 black bears
  An elephant zombie (Lair:5)
  A sky beast (D:8)
  21 wolves
  11 ogres
  8 centaurs
  2 elephant skeletons (Lair:5)
  2 phantoms
  3 kobold brigands
  12 bullfrogs
  2 necrophages (D:5)
  Blork the orc (Orc:2)
  3 gnoll sergeants
  2 scorpions
  6 wights
  9 killer bees
  6 howler monkeys
  4 electric eels
  5 hounds
  21 orc priests
  2 gnoll boudas (D:7)
  Crazy Yiuf (D:3)
  5 iguanas
  Natasha (thrice) (D:3)
  22 orc wizards
  7 hell rats (Lair:5)
  24 gnolls
  7 adders
  A shadow imp (D:7)
  A white imp (D:6)
  3 worms
  A dart slug (D:2)
  72 orcs
  2 bats
  7 endoplasms
  3 giant cockroaches
  10 hobgoblins
  25 kobolds
  4 quokkas
  6 ball pythons
  3 frilled lizards
  6 goblins
  3 rats
  2 butterflies (Lair:3)
869 creatures vanquished.

Vanquished Creatures (collateral kills)
  A dream sheep (Lair:5)
  4 redbacks (Spider:2)
  2 foxfires
7 creatures vanquished.

Vanquished Creatures (others)
  An orb spider (Spider:3)
  A hound (D:4)
  An endoplasm (D:4)
  A ball python (D:4)
  470 foxfires
  33 fungi
  49 plants
  25 withered plants
581 creatures vanquished.

Grand Total: 1457 creatures vanquished

Notes
Turn   | Place    | Note
-------+----------+-------------------------------------------
     0 | D:1      | themarg the Djinni Fire Elementalist began the quest for
                  | the Orb.
     0 | D:1      | themarg set off with the following spells memorised:
                  | Foxfire, Scorch, Kindle Blastsparks, Inner Flame, Flame
                  | Wave.
     0 | D:1      | Reached XP level 1. HP: 15/15 MP: 0/0
   214 | D:1      | Reached XP level 2. HP: 19/21 MP: 0/0
   369 | D:1      | Found a faded altar of an unknown god.
   797 | D:1      | Reached XP level 3. HP: 24/25 MP: 0/0
   797 | D:1      | Learned a level 1 spell: Sting
  1172 | D:2      | Reached XP level 4. HP: 29/31 MP: 0/0
  1571 | D:2      | Reached XP level 5. HP: 34/35 MP: 0/0
  1571 | D:2      | Learned a level 2 spell: Wereblood
  2007 | D:3      | Noticed Natasha
  2027 | D:3      | Killed Natasha
  2111 | D:3      | Noticed Natasha
  2114 | D:3      | Killed Natasha
  2175 | D:3      | Noticed Natasha
  2187 | D:3      | Killed Natasha
  2188 | D:3      | Reached XP level 6. HP: 36/40 MP: 0/0
  2378 | D:3      | Found a runed translucent door.
  2379 | D:3      | Noticed Crazy Yiuf
  3232 | D:3      | Found a glowing golden altar of the Shining One.
  3235 | D:3      | Found a blossoming altar of Fedhas.
  3236 | D:3      | Found an opulent altar of Gozag.
  3427 | D:3      | Killed Crazy Yiuf
  3428 | D:3      | Reached skill level 5 in Spellcasting
  3434 | D:3      | Identified the +1 hammer of Spite {vamp, *Noise rC+ rCorr
                  | Dex+6}
  3690 | D:4      | Reached XP level 7. HP: 40/45 MP: 0/0
  3690 | D:4      | Learned a level 3 spell: Mephitic Cloud
  4184 | D:4      | Found Coerpha's Book Emporium.
  4412 | D:4      | Found a staircase to the Ecumenical Temple.
  4421 | Temple   | Entered the Ecumenical Temple
  4486 | Temple   | Became a worshipper of Ashenzari the Shackled
  5163 | D:5      | Entered Level 5 of the Dungeon
  5248 | D:5      | Reached XP level 8. HP: 32/50 MP: 0/0
  5617 | D:5      | You are sucked into a shaft and drop 1 floor!
  6332 | D:5      | Reached XP level 9. HP: 49/55 MP: 0/0
  6332 | D:5      | Learned a level 3 spell: Spider Form
  6358 | D:5      | Identified the cursed +0 pair of gloves "Idealism of
                  | Ashenzari" {Self, Melee} (You found it on level 2 of the
                  | Dungeon)
  6691 | D:5      | Found a glowing silver altar of Zin.
  6828 | D:5      | Found a bloodstained altar of Trog.
  8054 | D:7      | Reached * piety under Ashenzari
  8278 | D:7      | Reached skill level 1 in Fighting
  8656 | D:7      | Reached ** piety under Ashenzari
  8688 | D:7      | Noticed a hornet
  8692 | D:7      | Killed a hornet
  8693 | D:7      | Reached XP level 10. HP: 58/67 MP: 0/0
  8958 | D:7      | Reached skill level 10 in Spellcasting
  9524 | D:8      | Found a flagged portal.
  9576 | Bailey   | Entered a bailey
  9807 | Bailey   | Reached skill level 5 in Fighting
  9850 | Bailey   | Noticed an orc knight
  9866 | Bailey   | Killed an orc knight
  9985 | Bailey   | Found a large runed translucent door.
  9985 | Bailey   | Found a large runed translucent door.
  9986 | Bailey   | Noticed a deep elf pyromancer
  9987 | Bailey   | Identified a scroll of acquirement
 10019 | Bailey   | Killed a deep elf pyromancer
 10048 | Bailey   | Acquired the amulet "Paof" {Acrobat rElec rC+ rN+ Int+3}
 10989 | D:8      | Reached *** piety under Ashenzari
 11085 | D:8      | Found a staircase to the Lair.
 11129 | D:8      | Reached skill level 1 in Maces & Flails
 11129 | D:8      | Reached XP level 11. HP: 77/82 MP: 0/0
 11129 | D:8      | Learned a level 5 spell: Yara's Violent Unravelling
 11214 | D:8      | Found a sacrificial altar of Ru.
 11214 | D:8      | Found the +6 shillelagh "Devastator" {shatter}
 11552 | Lair:1   | Entered Level 1 of the Lair of Beasts
 11563 | Lair:1   | Found a gate leading to a gauntlet.
 11578 | Gauntlet | Entered a Gauntlet
 11578 | Gauntlet | Found a transporter.
 11578 | Gauntlet | Found a transporter.
 11579 | Gauntlet | Noticed a fire crab
 11580 | Gauntlet | Noticed a moth of wrath
 11631 | Gauntlet | Found a transporter.
 11632 | Gauntlet | Found a transporter.
 11635 | Gauntlet | Found a transporter.
 11635 | Gauntlet | Found a transporter.
 11637 | Gauntlet | Noticed a tengu warrior
 11666 | Gauntlet | Found a transporter.
 11669 | Gauntlet | Found a transporter.
 11671 | Gauntlet | Noticed a death scarab
 11676 | Gauntlet | Noticed a death scarab
 11677 | Gauntlet | Found a transporter.
 11693 | Gauntlet | Found a transporter.
 11694 | Gauntlet | Identified the +2 hand axe of Ravage {drain, *Rage rF+++
                  | Str+4 Dex+4}
 11707 | Gauntlet | Found a transporter.
 11711 | Gauntlet | Found a transporter.
 11711 | Gauntlet | Noticed a necromancer
 11826 | Gauntlet | Killed a moth of wrath
 12153 | Gauntlet | Killed a necromancer
 12392 | Gauntlet | Killed a death scarab
 12395 | Gauntlet | Killed a death scarab
 12632 | Gauntlet | Identified the +11 dagger "Ded Syt" {venom, rElec Dex+2}
 12632 | Gauntlet | Noticed a minotaur
 12647 | Gauntlet | Killed a minotaur
 12648 | Gauntlet | Reached skill level 5 in Maces & Flails
 12648 | Gauntlet | Reached skill level 5 in Dodging
 13143 | Lair:1   | Identified the ring of Yhitumet {rC+ rCorr Str-2 Stlth+}
 13496 | Lair:1   | Identified the +6 long sword "Lureddog" {drain, Str+3}
 13622 | Lair:1   | Reached XP level 12. HP: 82/91 MP: 0/0
 13926 | Lair:1   | Found a runed translucent gate.
 13926 | Lair:1   | Found a runed translucent gate.
 13928 | Lair:1   | Found a runed translucent gate.
 13928 | Lair:1   | Noticed a death yak
 13930 | Lair:1   | Noticed SirDiesAlot's ghost (journeyman DECj)
 14465 | Lair:1   | Noticed a deep troll
 14470 | Lair:1   | Killed a deep troll
 14843 | Lair:2   | Noticed Erica
 14884 | Lair:2   | Killed Erica
 15006 | Lair:2   | Reached **** piety under Ashenzari
 15505 | Lair:2   | Found a staircase to the Shoals.
 16099 | Lair:2   | Reached ***** piety under Ashenzari
 16663 | Lair:3   | Reached skill level 10 in Maces & Flails
 16694 | Lair:3   | Reached XP level 13. HP: 74/100 MP: 0/0
 16694 | Lair:3   | Learned a level 5 spell: Lee's Rapid Deconstruction
 17095 | Lair:2   | Acquired the +7 triple sword of Tenacity {vorpal, Int+7
                  | Dex+2}
 17871 | Lair:3   | Found a hole to the Spider Nest.
 18293 | Lair:4   | Noticed Rupert
 18302 | Lair:4   | Noticed an ice dragon
 18328 | Lair:4   | Noticed a six-headed hydra
 18460 | D:9      | Reached skill level 1 in Long Blades
 19445 | D:9      | Noticed Amaemon
 19451 | D:9      | Killed Amaemon
 19564 | D:10     | Entered Level 10 of the Dungeon
 19564 | D:10     | Found a staircase to the Orcish Mines.
 19575 | D:10     | Noticed Maurice
 19581 | D:10     | Killed Maurice
 19746 | D:10     | Noticed Snorg
 19751 | D:10     | Killed Snorg
 19787 | D:10     | Noticed Erolcha
 19791 | D:10     | Killed Erolcha
 19811 | D:10     | Reached skill level 2 in Long Blades
 20125 | D:10     | Found a burning altar of Makhleb.
 20613 | D:11     | Reached skill level 3 in Long Blades
 21128 | D:11     | Reached XP level 14. HP: 91/108 MP: 0/0
 21234 | D:11     | Reached skill level 4 in Long Blades
 21533 | D:11     | Noticed Sonja
 21570 | D:11     | Killed Sonja
 21704 | D:11     | Reached skill level 10 in Fighting
 21704 | D:11     | Reached skill level 5 in Long Blades
 21966 | D:11     | Reached ****** piety under Ashenzari
 22225 | D:12     | Found a portal to a secret trove of treasure.
 24398 | D:13     | Identified the +8 quarterstaff "Ydocelust" {vorpal, *Noise
                  | rF+ Will+ Str+4}
 24954 | D:13     | Noticed Kirke
 24969 | D:13     | Killed Kirke
 25333 | Lair:1   | Killed SirDiesAlot's ghost
 25498 | Lair:4   | Killed Rupert
 26309 | Lair:4   | Reached XP level 15. HP: 105/120 MP: 0/0
 26309 | Lair:4   | Learned a level 6 spell: Death Channel
 26322 | Lair:4   | Reached skill level 1 in Evocations
 26437 | Lair:4   | Noticed Urug
 26838 | Lair:4   | Killed Urug
 27134 | Lair:4   | Identified the +6 dagger of Doubt {speed, Str+4}
 28118 | Lair:5   | Entered Level 5 of the Lair of Beasts
 28683 | Orc:1    | Entered Level 1 of the Orcish Mines
 28829 | Orc:2    | Entered Level 2 of the Orcish Mines
 29297 | Orc:2    | Found Wolury's Weapon Boutique.
 29530 | Orc:2    | Found Dir Diyh's Antique Armour Emporium.
 29531 | Orc:2    | Noticed Blork the orc
 29537 | Orc:2    | Killed Blork the orc
 30237 | Orc:2    | Noticed an orc warlord
 30249 | Orc:2    | Killed an orc warlord
 30347 | Orc:2    | Found Qom Ewint's General Store.
 30510 | Orc:2    | Found Baalone's Antique Weapon Emporium.
 30517 | Orc:2    | Found a staircase to the Elven Halls.
 30526 | Orc:2    | Found Avyg's Book Emporium.
 31000 | D:14     | Found a huge runed translucent gate.
 31002 | D:14     | Found a huge runed translucent gate.
 31003 | D:14     | Found a huge runed translucent gate.
 31004 | D:14     | Found a huge runed translucent gate.
 31470 | D:14     | Reached XP level 16. HP: 87/128 MP: 0/0
 31628 | D:14     | Found a gate to the Vaults.
 31721 | D:15     | Entered Level 15 of the Dungeon
 31888 | D:15     | Identified the +1 ring mail of Discretion {rElec rF+}
 32092 | D:15     | Reached skill level 6 in Long Blades
 32269 | D:15     | Found an opulent altar of Gozag.
 32304 | D:15     | Reached skill level 7 in Long Blades
 32417 | D:15     | Found a staircase to the Depths.
 32559 | D:15     | Reached skill level 8 in Long Blades
 33097 | Lair:5   | Reached skill level 9 in Long Blades
 33347 | Lair:5   | Reached skill level 10 in Long Blades
 33583 | Lair:5   | Found a staircase to the Slime Pits.
 33583 | Lair:5   | Found a viscous altar of Jiyva.
 33999 | Lair:5   | Found the brooch of Shielding {Spirit SH+8}
 34075 | Lair:5   | Reached XP level 17. HP: 126/136 MP: 0/0
 34075 | Lair:5   | Learned a level 7 spell: Enfeeble
 34348 | Spider:1 | Entered Level 1 of the Spider Nest
 34394 | Spider:1 | Reached skill level 11 in Long Blades
 35565 | Spider:2 | Reached skill level 12 in Long Blades
 36374 | Spider:3 | Reached skill level 13 in Long Blades
 36400 | Spider:3 | Noticed Asterion
 36405 | Spider:3 | Noticed an Executioner
 36413 | Spider:3 | Killed Asterion
 36528 | Spider:3 | Noticed Jorgrun
 36551 | Spider:3 | Killed Jorgrun
 37306 | Spider:3 | Reached skill level 14 in Long Blades
 37750 | Shoals:1 | Entered Level 1 of the Shoals
 38012 | Shoals:1 | Reached XP level 18. HP: 142/142 MP: 0/0
 38873 | Shoals:2 | Reached skill level 15 in Long Blades
 39913 | Spider:4 | Entered Level 4 of the Spider Nest
 40196 | Spider:3 | HP: 7/142 [ghost moth (6)]
 40196 | Spider:3 | Mangled by a ghost moth

Illustrated notes

Levels and vault maps discovered:
D:1:      evilmike_arrival_fibonacci_small, layout_loops_ring,
          basic_ecumenical_altar
D:2:      layout_rooms, minmay_increasing_density
D:3:      layout_basic, minitemple, uniq_natasha, uniq_crazy_yiuf_cottage
D:4:      layout_cave_pods, lemuel_temple_firewalk_a, serial_shops, shop,
          patterned_corridor
D:5:      layout_loops_cross, gammafunk_temple_overflow_forgotten
D:6:      layout_basic, grunt_ministairs_4
D:7:      layout_basic, kennysheep_generic_room_14
D:8:      layout_loops_ring, hangedman_ru_absence, erik_lair_orcish_takeover,
          enter_bailey_6, minivault_1, minmay_misc_feat_columns
D:9:      layout_small_grid, uniq_amaemon
D:10:     layout_cave_pools, bloody_makhleb, uniq_maurice, uniq_erolcha,
          uniq_snorg
D:11:     cheibrodos_ideogram_h, layout_long_grid, uniq_sonja
D:12:     layout_layer_cave, nicolae_trove_entry_crossroad, minmay_crystal_water
D:13:     layout_basic, uniq_kirke
D:14:     lemuel_bear_cage, layout_basic, david_vaults_5, wad_floor_pattern_2
D:15:     gammafunk_depths_entry_grave, layout_irregular_city,
          minmay_misc_feat_cross, nicolae_gozag_cash_rules_everything_around_me
Temple:   cyrus_circular_temple
Lair:1:   dreamdust_cave_troll, layout_cave_shapes, gauntlet_entry_generic,
          gammafunk_ghost_split, grunt_megastairs_3
Lair:2:   beast_lair_carwin_large_1, layout_chaotic_city,
          elwin_shoals_entry_rooms, st_stairs_3, minivault_24,
          serial_bayou_shore_a, lemuel_fruit_tree, uniq_erica
Lair:3:   layout_gridlike, nicolae_spider_entry_tight_spaces,
          grunt_megastairs_1, infiniplex_staircase_pool, serial_bayou_shore_b,
          lemuel_fruit_fields
Lair:4:   layout_gridlike, portal_ice_cave_entry_animals_and_master,
          nicolae_lair_grove_arrangements, st_stairs_3, uniq_rupert, uniq_urug
Lair:5:   due_jungle_book, layout_small_grid, slime_entry_1
Shoals:1: layout_shoals
Shoals:2: layout_shoals
Shoals:3: layout_shoals, nicolae_shoals_water_shrine
Spider:1: nicolae_spider_hilbert_zone_5 [nicolae_spider_hilbert_3_sides_1_open,
          nicolae_spider_hilbert_4_sides_1_open,
          nicolae_spider_hilbert_4_sides_1_open,
          nicolae_spider_hilbert_6_sides_1_open,
          nicolae_spider_hilbert_6_sides_1_open], drop_trap,
          hangedman_spider_tarantella_strand
Spider:2: layout_spider_delve
Spider:3: layout_chambers, drop_trap, uniq_jorgrun, uniq_asterion
Spider:4: hellmonk_spider_rune_bug_friends, nicolae_orb_island
Orc:1:    layout_caves, nicolae_orc_bridge_out
Orc:2:    grunt_orc_cross, layout_caves, serial_shops, shop

Skill      XL: |  1  2  3  4  5  6  7  8  9 10 11 12 13 14 15 16 17 18 |
---------------+-------------------------------------------------------+-----
Stealth        | 2 3 |  3.0
Spellcasting   | 3 4 5 6 8 9 10 11 13 14 | 14.1
Fighting       | 3 6 8 9 11 12 13 | 13.1
Maces & Flails | 1 6 10 | 10.7
Dodging        | 5 7 9 |  9.9
Long Blades    | 3 5 10 14 15 | 15.6
Evocations     | 2 3 |  3.6

Action                   |  1- 3 |  4- 6 |  7- 9 | 10-12 | 13-15 | 16-18 || total
-------------------------+-------+-------+-------+-------+-------+-------++-------
Melee: Short sword       |     2 |     6 |       |       |       |       ||     8
       Unarmed           |       |       |    21 |       |       |       ||    21
       Mace              |       |       |     7 |    13 |       |       ||    20
       Triple sword      |       |       |       |       |   131 |   496 ||   627
 Cast: Foxfire           |    37 |    72 |    62 |    93 |    35 |    15 ||   314
       Scorch            |     3 |    19 |    37 |   117 |   159 |    51 ||   386
       Inner Flame       |       |     8 |    53 |    35 |    72 |    14 ||   182
       Spider Form       |       |       |     1 |       |       |       ||     1
       Kindle Blastspark |       |       |     1 |       |       |       ||     1
       Flame Wave        |       |       |       |    35 |    50 |    37 ||   122
       Mephitic Cloud    |       |       |       |    29 |   140 |   103 ||   272
       Yara's Violent Un |       |       |       |     3 |   163 |    39 ||   205
       Wereblood         |       |       |       |     1 |     1 |     3 ||     5
       Lee's Rapid Decon |       |       |       |       |     3 |    10 ||    13
       Death Channel     |       |       |       |       |     2 |       ||     2
Invok: Curse Item        |       |       |     3 |     4 |     3 |       ||    10
       Shatter the Chain |       |       |       |       |     2 |       ||     2
Evoke: Wand              |       |       |       |       |       |     4 ||     4
  Use: Scroll            |       |       |     1 |     1 |     4 |     2 ||     8
       Potion            |       |       |       |     3 |       |     3 ||     6
 Stab: Confused          |       |       |       |     1 |    19 |    60 ||    80
       Distracted        |       |       |       |       |     1 |     1 ||     2
Armor: Robe              |       |     2 |     2 |    10 |    22 |       ||    36
       Skin              |       |       |     1 |       |       |       ||     1
       Troll leather arm |       |       |       |       |    37 |   114 ||   151
Dodge: Dodged            |       |    12 |    18 |    93 |   287 |   606 ||  1016

Table legend: (Time is in decaauts)
 A = Elapsed time spent in this place.
 B = Non-inter-level travel time spent in this place.
 C = Inter-level travel time spent in this place.
 D = Time resting spent in this place.
 E = Time spent auto-exploring this place.
 F = Levels seen in this place.
 G = Mean time per level.
                   A        B        C        D        E       F      G
               +--------+--------+--------+--------+--------+-----+--------+
         Total |  40234 |  37632 |   2602 |  13794 |  13000 |  32 | 1257.3 |
       Dungeon |  20444 |  19283 |   1161 |   7003 |   8764 |  15 | 1362.9 |
        Temple |     73 |     66 |      7 |      0 |     42 |   1 |   73.0 |
          Lair |  10240 |   9513 |    727 |   4302 |   3066 |   5 | 2048.0 |
        Shoals |   2044 |   1845 |    199 |    364 |    365 |   3 |  681.3 |
   Spider Nest |   3605 |   3186 |    419 |    593 |    463 |   4 |  901.2 |
  Orcish Mines |   2007 |   1920 |     87 |    398 |    300 |   2 | 1003.5 |
        Bailey |    515 |    515 |      0 |    205 |      0 |   1 |  515.0 |
      Gauntlet |   1301 |   1301 |      0 |    929 |      0 |   1 | 1301.0 |
               +--------+--------+--------+--------+--------+-----+--------+

Top non-repeatable levels by time:
  Lair:3: 3059 daAuts
  Lair:1: 2284 daAuts
     D:7: 2099 daAuts
  Lair:2: 2091 daAuts
     D:3: 1784 daAuts
Spider:3: 1720 daAuts
    D:13: 1685 daAuts
  Lair:4: 1646 daAuts
     D:4: 1598 daAuts
    D:12: 1596 daAuts
     D:8: 1594 daAuts
     D:9: 1465 daAuts
    D:11: 1353 daAuts
Gauntlet: 1301 daAuts
    D:10: 1278 daAuts
